| TOP OF THE 1ST |
|
University of Toronto Marlies batting - Pitching for University of Arizona Wildcats : RHP Brad Brooks
|
|
Pitching: RHP Brad Brooks
|
|
|
Batting: RHB Todd Maybury
|
0-0: Foul Ball, location: 2F 0-1: Foul Ball, location: 2F 0-2: Foul Ball, location: 2F 0-2: Strikes out swinging
|
|
Batting: SHB Conrade Gordon
|
0-0: Ball 1-0: Swinging Strike 1-1: Ball 2-1: Ball 3-1: Called Strike 3-2: Strikes out swinging
|
|
Batting: RHB Konrad van Pelt
|
0-0: Foul Ball, location: 2F 0-1: Foul Ball, location: 2F 0-2: Strikes out swinging
|
| Top of the 1st over - 0 runs, 0 hits, 0 errors, 0 left on base; University of Toronto 0 - University of Arizona 0 |
| BOTTOM OF THE 1ST |
|
University of Arizona Wildcats batting - Pitching for University of Toronto Marlies : LHP Ryan Quintero
|
|
Pitching: LHP Ryan Quintero
|
|
|
Batting: RHB Eddy Amaya
|
0-0: Ball 1-0: Swinging Strike 1-1: Ball 2-1: Ground out 6-3 (Groundball, 6, EV 80.6 MPH)
|
|
Batting: RHB Ron Dondale
|
0-0: Fly out, F9 (Flyball, 9, EV 93.8 MPH)
|
|
Batting: LHB Pascal Noël
|
0-0: Ball 1-0: Ground out U3 (Groundball, 34S, EV 72.5 MPH)
|
| Bottom of the 1st over - 0 runs, 0 hits, 0 errors, 0 left on base; University of Toronto 0 - University of Arizona 0 |
| TOP OF THE 2ND |
|
University of Toronto Marlies batting - Pitching for University of Arizona Wildcats : RHP Brad Brooks
|
|
Batting: RHB Aaron Knight
|
0-0: Ball 1-0: Called Strike 1-1: Foul Ball, location: 2F 1-2: Fly out, F8 (Flyball, 8RM, EV 93.1 MPH)
|
|
Batting: RHB Luke Stannard
|
0-0: Foul Ball, location: 2F 0-1: Swinging Strike 0-2: Foul Ball, location: 2F 0-2: Strikes out swinging
|
|
Batting: RHB Steve Campeau
|
0-0: Called Strike 0-1: Hit by Pitch
|
|
Batting: SHB Jake Seymour
|
0-0: Fly out, F6 (Popup, 6M, EV 62.5 MPH)
|
| Top of the 2nd over - 0 runs, 0 hits, 0 errors, 1 left on base; University of Toronto 0 - University of Arizona 0 |
| BOTTOM OF THE 2ND |
|
University of Arizona Wildcats batting - Pitching for University of Toronto Marlies : LHP Ryan Quintero
|
|
Batting: LHB Lihau Keawe
|
0-0: Ball 1-0: Called Strike 1-1: Ball 2-1: Ball 3-1: Fly out, F9 (Flyball, 9, EV 81.9 MPH)
|
|
Batting: RHB Carlos Maravilla
|
0-0: Ball 1-0: Foul Ball, location: 2F 1-1: Ball 2-1: Foul Ball, location: 2F 2-2: DOUBLE (Groundball, 5L, EV 97.5 MPH)
|
|
Batting: RHB Mark Walters
|
0-0: Ball 1-0: DOUBLE (Line Drive, 78XD, EV 101.9 MPH) Carlos Maravilla scores
|
|
Batting: SHB George Grace
|
0-0: Ball 1-0: Called Strike 1-1: Foul Ball, location: 2F 1-2: Ball Wild Pitch! Mark Walters to third 2-2: Foul Ball, location: 2F 2-2: Foul Ball, location: 2F 2-2: Ball 3-2: Foul Ball, location: 2F 3-2: Strikes out swinging
|
|
Batting: LHB Jere Paatelainen
|
0-0: Ball 1-0: Called Strike 1-1: Foul Ball, location: 2F 1-2: Foul Ball, location: 2F 1-2: Reached on error, E4 (Groundball, 4, EV 90.0 MPH) Mark Walters scores
|
|
Batting: SHB Pat Kidd
|
0-0: Ground out 5-3 (Groundball, 5S, EV 87.5 MPH)
|
| Bottom of the 2nd over - 2 runs, 2 hits, 1 error, 1 left on base; University of Toronto 0 - University of Arizona 2 |
| TOP OF THE 3RD |
|
University of Toronto Marlies batting - Pitching for University of Arizona Wildcats : RHP Brad Brooks
|
|
Batting: RHB John Wilson
|
0-0: Ground out 6-3 (Groundball, 6, EV 80.6 MPH)
|
|
Batting: RHB Kevin McGaughey
|
0-0: Ball 1-0: Foul Ball, location: 2F 1-1: Fly out, F9 (Flyball, 9D, EV 95.6 MPH)
|
|
Batting: RHB Todd Maybury
|
0-0: Ball 1-0: Ball 2-0: Foul Ball, location: 2F 2-1: Foul Ball, location: 2F 2-2: SINGLE (Groundball, 34S, EV 71.2 MPH) (infield hit)
|
|
Batting: SHB Conrade Gordon
|
0-0: Foul Ball, location: 2F 0-1: Ball 1-1: Foul Ball, location: 2F 1-2: Ball 2-2: Strikes out swinging
|
| Top of the 3rd over - 0 runs, 1 hit, 0 errors, 1 left on base; University of Toronto 0 - University of Arizona 2 |
| BOTTOM OF THE 3RD |
|
University of Arizona Wildcats batting - Pitching for University of Toronto Marlies : LHP Ryan Quintero
|
|
Batting: RHB Eddy Amaya
|
0-0: Ball 1-0: Ball 2-0: Swinging Strike 2-1: Fly out, F7 (Flyball, 7D, EV 87.5 MPH)
|
|
Batting: RHB Ron Dondale
|
0-0: Called Strike 0-1: Foul Ball, location: 2F 0-2: Strikes out swinging, 2-3 out at first.
|
|
Batting: LHB Pascal Noël
|
0-0: Called Strike 0-1: Foul Ball, location: 2F 0-2: Foul Ball, location: 2F 0-2: Strikes out looking
|
| Bottom of the 3rd over - 0 runs, 0 hits, 0 errors, 0 left on base; University of Toronto 0 - University of Arizona 2 |
| TOP OF THE 4TH |
|
University of Toronto Marlies batting - Pitching for University of Arizona Wildcats : RHP Brad Brooks
|
|
Batting: RHB Konrad van Pelt
|
0-0: Ball 1-0: Foul Ball, location: 2F 1-1: Swinging Strike 1-2: Ball 2-2: SINGLE (Line Drive, 7LM, EV 92.5 MPH)
|
|
Batting: RHB Aaron Knight
|
0-0: Ball 1-0: Foul Ball, location: 2F 1-1: Ball 2-1: Fielders Choice at 2nd, 1-4 (Groundball, 15S, EV 75.0 MPH)
|
|
Batting: RHB Luke Stannard
|
0-0: Ball 1-0: Foul Ball, location: 2F 1-1: Ball 2-1: Ball 3-1: Foul Ball, location: 2F 3-2: Strikes out swinging
|
|
Batting: RHB Steve Campeau
|
0-0: Called Strike 0-1: Ball 1-1: SINGLE (Line Drive, 34D, EV 103.8 MPH) Aaron Knight to second
|
|
Batting: SHB Jake Seymour
|
0-0: Called Strike 0-1: Foul Ball, location: 2F 0-2: Ball 1-2: Strikes out swinging
|
| Top of the 4th over - 0 runs, 2 hits, 0 errors, 2 left on base; University of Toronto 0 - University of Arizona 2 |
| BOTTOM OF THE 4TH |
|
University of Arizona Wildcats batting - Pitching for University of Toronto Marlies : LHP Ryan Quintero
|
|
Batting: LHB Lihau Keawe
|
0-0: Foul Ball, location: 2F 0-1: Ball 1-1: Ball 2-1: Foul Ball, location: 2F 2-2: Ball 3-2: Ground out 4-3 (Groundball, 4, EV 86.2 MPH)
|
|
Batting: RHB Carlos Maravilla
|
0-0: Ball 1-0: Reached on error, E4 (Groundball, 4, EV 102.5 MPH)
|
|
Batting: RHB Mark Walters
|
0-0: Swinging Strike 0-1: Ball 1-1: Ball 2-1: Foul Ball, location: 2F 2-2: Foul Ball, location: 2F 2-2: Strikes out swinging
|
|
Batting: SHB George Grace
|
0-0: Called Strike 0-1: Swinging Strike 0-2: Ball 1-2: Strikes out swinging
|
| Bottom of the 4th over - 0 runs, 0 hits, 1 error, 1 left on base; University of Toronto 0 - University of Arizona 2 |
| TOP OF THE 5TH |
|
University of Toronto Marlies batting - Pitching for University of Arizona Wildcats : RHP Brad Brooks
|
|
Batting: RHB John Wilson
|
0-0: Ground out 6-3 (Groundball, 6, EV 88.8 MPH)
|
|
Batting: RHB Kevin McGaughey
|
0-0: Ball 1-0: Fly out, F2 (Popup, 5SF, EV 82.5 MPH)
|
|
Batting: RHB Todd Maybury
|
0-0: Reached on error, E1 (Groundball, P, EV 43.8 MPH)
|
|
Batting: SHB Conrade Gordon
|
0-0: SINGLE (Flyball, 3D, EV 97.5 MPH) Todd Maybury to third Runner from 3rd tries for Home, SAFE, throw by RF to home
|
|
Batting: RHB Konrad van Pelt
|
0-0: Ball 1-0: Called Strike 1-1: Ball 2-1: Ball 3-1: Called Strike 3-2: Base on Balls Conrade Gordon to second
|
|
Batting: RHB Aaron Knight
|
0-0: Fly out, F8 (Flyball, 78D, EV 90.0 MPH)
|
| Top of the 5th over - 1 run, 1 hit, 1 error, 2 left on base; University of Toronto 1 - University of Arizona 2 |
| BOTTOM OF THE 5TH |
|
University of Arizona Wildcats batting - Pitching for University of Toronto Marlies : LHP Ryan Quintero
|
|
Batting: LHB Jere Paatelainen
|
0-0: Ball 1-0: Foul Ball, location: 2F 1-1: Ball 2-1: Fly out, F7 (Flyball, 78M, EV 91.2 MPH)
|
|
Batting: SHB Pat Kidd
|
0-0: Ball 1-0: Called Strike 1-1: Called Strike 1-2: Foul Ball, location: 2F 1-2: Ball 2-2: Ball 3-2: Strikes out swinging
|
|
Batting: RHB Eddy Amaya
|
0-0: Called Strike 0-1: Called Strike 0-2: Ball 1-2: Fly out, F8 (Flyball, 89D, EV 86.9 MPH)
|
| Bottom of the 5th over - 0 runs, 0 hits, 0 errors, 0 left on base; University of Toronto 1 - University of Arizona 2 |
| TOP OF THE 6TH |
|
University of Toronto Marlies batting - Pitching for University of Arizona Wildcats : RHP Brad Brooks
|
|
Batting: RHB Luke Stannard
|
0-0: Foul Ball, location: 2F 0-1: Ball 1-1: Called Strike 1-2: Ground out U3 (Groundball, 3, EV 106.2 MPH)
|
|
Batting: RHB Steve Campeau
|
0-0: Ball 1-0: Called Strike 1-1: Foul Ball, location: 2F 1-2: Ball 2-2: Foul Ball, location: 2F 2-2: Fly out, F7 (Flyball, 7D, EV 107.5 MPH)
|
|
Batting: SHB Jake Seymour
|
0-0: Ball 1-0: Swinging Strike 1-1: Ground out 6-3 (Groundball, 6, EV 90.6 MPH)
|
| Top of the 6th over - 0 runs, 0 hits, 0 errors, 0 left on base; University of Toronto 1 - University of Arizona 2 |
| BOTTOM OF THE 6TH |
|
University of Arizona Wildcats batting - Pitching for University of Toronto Marlies : LHP Ryan Quintero
|
|
Batting: RHB Ron Dondale
|
0-0: Swinging Strike 0-1: Ball 1-1: Called Strike 1-2: Strikes out swinging
|
|
Batting: LHB Pascal Noël
|
0-0: Ball 1-0: Ground out 6-3 (Groundball, 6, EV 79.4 MPH)
|
|
Batting: LHB Lihau Keawe
|
0-0: Ball 1-0: Ball 2-0: Ball 3-0: Called Strike 3-1: SINGLE (Groundball, 56S, EV 67.5 MPH) (infield hit)
|
|
Pitching: RHP Brad Cannell
|
|
|
Batting: RHB Carlos Maravilla
|
0-0: Ball 1-0: Foul Ball, location: 2F 1-1: Called Strike 1-2: Fly out, F8 (Line Drive, 89D, EV 89.4 MPH)
|
| Bottom of the 6th over - 0 runs, 1 hit, 0 errors, 1 left on base; University of Toronto 1 - University of Arizona 2 |
| TOP OF THE 7TH |
|
University of Toronto Marlies batting - Pitching for University of Arizona Wildcats : RHP Brad Brooks
|
|
Pitching: LHP Victor Silva
|
|
|
Batting: RHB John Wilson
|
0-0: Ball 1-0: Fly out, F9 (Line Drive, 9, EV 101.2 MPH)
|
|
Batting: RHB Kevin McGaughey
|
0-0: Ball 1-0: Foul Ball, location: 2F 1-1: Fly out, F8 (Flyball, 8LD, EV 100.6 MPH)
|
|
Batting: RHB Todd Maybury
|
0-0: Ball 1-0: Called Strike 1-1: Ball 2-1: Ball 3-1: Foul Ball, location: 2F 3-2: Foul Ball, location: 2F 3-2: Fly out, F9 (Flyball, 9LM, EV 95.0 MPH)
|
| Top of the 7th over - 0 runs, 0 hits, 0 errors, 0 left on base; University of Toronto 1 - University of Arizona 2 |
| BOTTOM OF THE 7TH |
|
University of Arizona Wildcats batting - Pitching for University of Toronto Marlies : RHP Brad Cannell
|
|
Batting: RHB Mark Walters
|
0-0: Ball 1-0: Ball 2-0: Foul Ball, location: 2F 2-1: Ground out 2-3 (Groundball, 13S, EV 71.2 MPH)
|
|
Batting: SHB George Grace
|
0-0: Ball 1-0: SINGLE (Groundball, 56S, EV 63.8 MPH) (infield hit)
|
|
Batting: LHB Jere Paatelainen
|
0-0: Ball 1-0: Foul Ball, location: 2F 1-1: Fielders Choice at 2nd, 4-6 (Groundball, 4, EV 85.6 MPH)
|
|
Batting: SHB Pat Kidd
|
0-0: Foul Ball, location: 2F 0-1: Ball 1-1: Ball Wild Pitch! Jere Paatelainen to second 2-1: Called Strike 2-2: Fly out, F8 (Flyball, 8RD, EV 97.5 MPH)
|
| Bottom of the 7th over - 0 runs, 1 hit, 0 errors, 1 left on base; University of Toronto 1 - University of Arizona 2 |
| TOP OF THE 8TH |
|
University of Toronto Marlies batting - Pitching for University of Arizona Wildcats : LHP Victor Silva
|
|
Batting: SHB Conrade Gordon
|
0-0: Ball 1-0: Ball 2-0: Ball 3-0: Called Strike 3-1: Base on Balls
|
|
Batting: RHB Konrad van Pelt
|
0-0: Ball 1-0: SINGLE (Groundball, 56D, EV 98.8 MPH) Conrade Gordon to second
|
|
Batting: RHB Aaron Knight
|
0-0: Swinging Strike 0-1: Foul Ball, location: 2F 0-2: Strikes out swinging
|
|
Batting: RHB Luke Stannard
|
0-0: Ball 1-0: Foul Ball, location: 2F 1-1: Foul Ball, location: 2F 1-2: Strikes out swinging
|
|
Batting: RHB Steve Campeau
|
0-0: Called Strike 0-1: Swinging Strike 0-2: Ball 1-2: Strikes out swinging
|
| Top of the 8th over - 0 runs, 1 hit, 0 errors, 2 left on base; University of Toronto 1 - University of Arizona 2 |
| BOTTOM OF THE 8TH |
|
University of Arizona Wildcats batting - Pitching for University of Toronto Marlies : RHP Brad Cannell
|
|
Pitching: RHP Mike McDonald
|
|
|
Batting: RHB Eddy Amaya
|
0-0: Foul Ball, location: 2F 0-1: Ball 1-1: Fly out, F8 (Flyball, 8RD, EV 88.8 MPH)
|
|
Batting: RHB Ron Dondale
|
0-0: Ball 1-0: Ball 2-0: Ball 3-0: Foul Ball, location: 2F 3-1: Base on Balls
|
|
Batting: LHB Pascal Noël
|
0-0: Called Strike 0-1: Fielders Choice at 2nd, 5-4 (Groundball, 5L, EV 101.9 MPH)
|
|
Batting: LHB Lihau Keawe
|
0-0: Swinging Strike 0-1: Foul Ball, location: 2F 0-2: Foul Ball, location: 2F 0-2: Foul Ball, location: 2F 0-2: Ball 1-2: Foul Ball, location: 2F 1-2: Fly out, F7 (Flyball, 7D, EV 103.8 MPH)
|
| Bottom of the 8th over - 0 runs, 0 hits, 0 errors, 1 left on base; University of Toronto 1 - University of Arizona 2 |
| TOP OF THE 9TH |
|
University of Toronto Marlies batting - Pitching for University of Arizona Wildcats : LHP Victor Silva
|
|
Pitching: RHP Chris Galloway
|
|
|
Batting: SHB Jake Seymour
|
0-0: Called Strike 0-1: SINGLE (Groundball, 4MD, EV 95.0 MPH)
|
|
Pinch Hitting: LHB Mitch Melton
|
0-0: Ball 1-0: Foul Ball, location: 2F 1-1: Called Strike 1-2: Ball Wild Pitch! Jake Seymour to second 2-2: Ball 3-2: Base on Balls
|
|
Batting: RHB Kevin McGaughey
|
0-0: Called Strike 0-1: Ball 1-1: Called Strike 1-2: Ball 2-2: Foul Ball, location: 2F 2-2: Foul Ball, location: 2F 2-2: Ball 3-2: Foul Ball, location: 2F 3-2: Strikes out looking
|
|
Batting: RHB Todd Maybury
|
0-0: Called Strike 0-1: Foul Ball, location: 2F 0-2: Reached on error, E4 (Groundball, 4S, EV 65.0 MPH) Jake Seymour scores Mitch Melton to third
|
|
Batting: SHB Conrade Gordon
|
0-0: Intentional Walk
|
|
Batting: RHB Konrad van Pelt
|
0-0: Swinging Strike 0-1: Foul Ball, location: 2F 0-2: Ball 1-2: Ball 2-2: Foul Ball, location: 2F 2-2: Foul Ball, location: 2F 2-2: Foul Ball, location: 2F 2-2: Foul Ball, location: 2F 2-2: Grounds into double play, 5-2-3 (Groundball, 56S, EV 78.1 MPH)
|
| Top of the 9th over - 1 run, 1 hit, 1 error, 2 left on base; University of Toronto 2 - University of Arizona 2 |
| BOTTOM OF THE 9TH |
|
University of Arizona Wildcats batting - Pitching for University of Toronto Marlies : RHP Mike McDonald
|
|
Pitching: RHP Mario Cumplido
|
|
|
Now at 2B: Charlie Townend
|
|
|
Now at SS: Luke Stannard
|
|
|
Batting: RHB Carlos Maravilla
|
0-0: Ball 1-0: Foul Ball, location: 2F 1-1: Ball 2-1: Ball 3-1: SINGLE (Line Drive, 8LS, EV 98.8 MPH)
|
|
Batting: LHB Gerald Thornton
|
0-0: Sac Bunt to 23 - play at second, runner OUT! 3-6
|
|
Batting: SHB George Grace
|
0-0: Fly out, F5 (Popup, 25F, EV 73.1 MPH)
|
|
Batting: LHB Jere Paatelainen
|
0-0: Foul Ball, location: 2F 0-1: Ball 1-1: Ball 2-1: Swinging Strike 2-2: Strikes out swinging
|
| Bottom of the 9th over - 0 runs, 1 hit, 0 errors, 1 left on base; University of Toronto 2 - University of Arizona 2 |
| TOP OF THE 10TH |
|
University of Toronto Marlies batting - Pitching for University of Arizona Wildcats : RHP Chris Galloway
|
|
Pitching: RHP Gordon Angwin
|
|
|
Batting: RHB Aaron Knight
|
0-0: Ball 1-0: Fly out, F9 (Flyball, 9LS, EV 91.2 MPH)
|
|
Batting: RHB Luke Stannard
|
0-0: Ball 1-0: Ball 2-0: Fly out, F8 (Line Drive, 8LM, EV 104.4 MPH)
|
|
Batting: RHB Steve Campeau
|
0-0: Ball 1-0: SINGLE (Groundball, 56, EV 103.8 MPH) (infield hit)
|
|
Batting: SHB Jake Seymour
|
0-0: Called Strike 0-1: Ball 1-1: Foul Ball, location: 2F 1-2: Strikes out swinging
|
| Top of the 10th over - 0 runs, 1 hit, 0 errors, 1 left on base; University of Toronto 2 - University of Arizona 2 |
| BOTTOM OF THE 10TH |
|
University of Arizona Wildcats batting - Pitching for University of Toronto Marlies : RHP Mario Cumplido
|
|
Pitching: RHP Sun-dong Su
|
|
|
Batting: SHB Pat Kidd
|
0-0: Called Strike 0-1: Foul Ball, location: 2F 0-2: Ball 1-2: Strikes out swinging
|
|
Batting: RHB Eddy Amaya
|
0-0: Ball 1-0: Fly out, F3 (Popup, 34S, EV 85.6 MPH)
|
|
Batting: RHB Ron Dondale
|
0-0: Ball 1-0: Ball 2-0: Ball 3-0: Base on Balls
|
|
Batting: LHB Pascal Noël
|
0-0: Ground out 4-3 (Groundball, 34, EV 89.4 MPH)
|
| Bottom of the 10th over - 0 runs, 0 hits, 0 errors, 1 left on base; University of Toronto 2 - University of Arizona 2 |
| TOP OF THE 11TH |
|
University of Toronto Marlies batting - Pitching for University of Arizona Wildcats : RHP Gordon Angwin
|
|
Batting: RHB Charlie Townend
|
0-0: Called Strike 0-1: Swinging Strike 0-2: Strikes out swinging
|
|
Batting: RHB Kevin McGaughey
|
0-0: Fly out, F9 (Flyball, 9, EV 81.2 MPH)
|
|
Batting: RHB Todd Maybury
|
0-0: Ball 1-0: Swinging Strike 1-1: Ground out 6-3 (Groundball, 6S, EV 62.5 MPH)
|
| Top of the 11th over - 0 runs, 0 hits, 0 errors, 0 left on base; University of Toronto 2 - University of Arizona 2 |
| BOTTOM OF THE 11TH |
|
University of Arizona Wildcats batting - Pitching for University of Toronto Marlies : RHP Sun-dong Su
|
|
Batting: LHB Lihau Keawe
|
0-0: Ball 1-0: Ball 2-0: Ball 3-0: Called Strike 3-1: DOUBLE (Line Drive, 8RXD, EV 106.9 MPH)
|
|
Batting: RHB Carlos Maravilla
|
0-0: Fly out, F3 (Popup, 3L, EV 76.9 MPH)
|
|
Batting: LHB Gerald Thornton
|
0-0: Fly out, F7 (Flyball, 78M, EV 88.8 MPH)
|
|
Batting: SHB George Grace
|
0-0: Called Strike 0-1: Ball 1-1: Foul Ball, location: 2F 1-2: Ball 2-2: Foul Ball, location: 2F 2-2: Ground out 5-3 (Groundball, 5S, EV 62.5 MPH)
|
| Bottom of the 11th over - 0 runs, 1 hit, 0 errors, 1 left on base; University of Toronto 2 - University of Arizona 2 |
| TOP OF THE 12TH |
|
University of Toronto Marlies batting - Pitching for University of Arizona Wildcats : RHP Gordon Angwin
|
|
Batting: SHB Conrade Gordon
|
0-0: Ball 1-0: Foul Ball, location: 2F 1-1: Ball 2-1: SINGLE (Groundball, 4, EV 95.0 MPH)
|
|
Batting: RHB Konrad van Pelt
|
0-0: Called Strike 0-1: Foul Ball, location: 2F 0-2: Ball 1-2: Ball 2-2: Ball 3-2: Fly out, F9 (Flyball, 9, EV 91.2 MPH)
|
|
Pitching: RHP Steve Smit
|
|
|
Batting: RHB Aaron Knight
|
0-0: Swinging Strike 0-1: SINGLE (Groundball, 56S, EV 68.1 MPH) (infield hit) Conrade Gordon to second
|
|
Batting: RHB Luke Stannard
|
0-0: Called Strike 0-1: SINGLE (Groundball, 6MD, EV 100.6 MPH) Conrade Gordon to third Aaron Knight to second
|
|
Batting: RHB Steve Campeau
|
0-0: Ball 1-0: Swinging Strike 1-1: Ball 2-1: Foul Ball, location: 2F 2-2: Foul Ball, location: 2F 2-2: Strikes out swinging
|
|
Batting: SHB Jake Seymour
|
0-0: Called Strike 0-1: Ball 1-1: Fly out, F7 (Flyball, 7, EV 89.4 MPH)
|
| Top of the 12th over - 0 runs, 3 hits, 0 errors, 3 left on base; University of Toronto 2 - University of Arizona 2 |
| BOTTOM OF THE 12TH |
|
University of Arizona Wildcats batting - Pitching for University of Toronto Marlies : RHP Sun-dong Su
|
|
Batting: LHB Jere Paatelainen
|
0-0: Foul Ball, location: 2F 0-1: Ball 1-1: Called Strike 1-2: Foul Ball, location: 2F 1-2: Ground out 1-3 (Groundball, P, EV 66.9 MPH)
|
|
Batting: SHB Pat Kidd
|
0-0: Fly out, F4 (Popup, 34S, EV 72.5 MPH)
|
|
Batting: RHB Eddy Amaya
|
0-0: Ball 1-0: Foul Ball, location: 2F 1-1: Ball 2-1: Ball 3-1: Base on Balls
|
|
Batting: RHB Ron Dondale
|
0-0: Called Strike 0-1: Foul Ball, location: 2F 0-2: Foul Ball, location: 2F 0-2: Hit by Pitch Eddy Amaya to second
|
|
Pitching: LHP Nick Holt
|
|
|
Batting: LHB Pascal Noël
|
0-0: Foul Ball, location: 2F 0-1: Foul Ball, location: 2F 0-2: Strikes out swinging
|
| Bottom of the 12th over - 0 runs, 0 hits, 0 errors, 2 left on base; University of Toronto 2 - University of Arizona 2 |
| TOP OF THE 13TH |
|
University of Toronto Marlies batting - Pitching for University of Arizona Wildcats : RHP Steve Smit
|
|
Batting: RHB Charlie Townend
|
0-0: Ball 1-0: Foul Ball, location: 2F 1-1: Ball 2-1: Foul Ball, location: 2F 2-2: Fly out, F7 (Flyball, 78D, EV 106.2 MPH)
|
|
Batting: RHB Kevin McGaughey
|
0-0: Called Strike 0-1: Foul Ball, location: 2F 0-2: Ground out 6-3 (Groundball, 6, EV 101.9 MPH)
|
|
Batting: RHB Todd Maybury
|
0-0: Foul Ball, location: 2F 0-1: Ball 1-1: Ball 2-1: Ground out 4-3 (Groundball, 4S, EV 83.1 MPH)
|
| Top of the 13th over - 0 runs, 0 hits, 0 errors, 0 left on base; University of Toronto 2 - University of Arizona 2 |
| BOTTOM OF THE 13TH |
|
University of Arizona Wildcats batting - Pitching for University of Toronto Marlies : LHP Nick Holt
|
|
Batting: LHB Lihau Keawe
|
0-0: Called Strike 0-1: Foul Ball, location: 2F 0-2: Ball 1-2: Strikes out swinging
|
|
Batting: RHB Carlos Maravilla
|
0-0: Ball 1-0: Fly out, F5 (Line Drive, 5, EV 65.6 MPH)
|
|
Batting: LHB Gerald Thornton
|
0-0: Ball 1-0: Fly out, F7 (Flyball, 7LSF, EV 94.4 MPH)
|
| Bottom of the 13th over - 0 runs, 0 hits, 0 errors, 0 left on base; University of Toronto 2 - University of Arizona 2 |
| TOP OF THE 14TH |
|
University of Toronto Marlies batting - Pitching for University of Arizona Wildcats : RHP Steve Smit
|
|
Pitching: RHP Steve Wiest
|
|
|
Batting: SHB Conrade Gordon
|
0-0: Ball 1-0: Ball 2-0: Fly out, F8 (Flyball, 8RM, EV 89.4 MPH)
|
|
Batting: RHB Konrad van Pelt
|
0-0: Ball 1-0: Foul Ball, location: 2F 1-1: Swinging Strike 1-2: Ground out 6-3 (Groundball, 56, EV 81.2 MPH)
|
|
Batting: RHB Aaron Knight
|
0-0: Foul Ball, location: 2F 0-1: Fly out, F9 (Line Drive, 9, EV 109.4 MPH)
|
| Top of the 14th over - 0 runs, 0 hits, 0 errors, 0 left on base; University of Toronto 2 - University of Arizona 2 |
| BOTTOM OF THE 14TH |
|
University of Arizona Wildcats batting - Pitching for University of Toronto Marlies : LHP Nick Holt
|
|
Batting: SHB George Grace
|
0-0: Called Strike 0-1: Called Strike 0-2: Ball 1-2: Foul Ball, location: 2F 1-2: Fly out, F7 (Flyball, 78S, EV 91.2 MPH)
|
|
Batting: LHB Jere Paatelainen
|
0-0: Ball 1-0: Foul Ball, location: 2F 1-1: Fly out, F8 (Flyball, 8RXD, EV 95.6 MPH)
|
|
Pitching: RHP Gui Xú
|
|
|
Batting: SHB Pat Kidd
|
0-0: Swinging Strike 0-1: Swinging Strike 0-2: Ball 1-2: Ball 2-2: Foul Ball, location: 2F 2-2: Strikes out swinging
|
| Bottom of the 14th over - 0 runs, 0 hits, 0 errors, 0 left on base; University of Toronto 2 - University of Arizona 2 |
| TOP OF THE 15TH |
|
University of Toronto Marlies batting - Pitching for University of Arizona Wildcats : RHP Steve Wiest
|
|
Batting: RHB Luke Stannard
|
0-0: Called Strike 0-1: Ground out 6-3 (Groundball, 6M, EV 81.2 MPH)
|
|
Batting: RHB Steve Campeau
|
0-0: Ball 1-0: Ball 2-0: Fly out, F9 (Line Drive, 9S, EV 96.9 MPH)
|
|
Batting: SHB Jake Seymour
|
0-0: Reached on error, E5 (Groundball, 56S, EV 85.0 MPH)
|
|
Batting: RHB Charlie Townend
|
0-0: Intentional Walk
|
|
Batting: RHB Kevin McGaughey
|
0-0: Ball 1-0: Ball 2-0: Ball 3-0: Called Strike 3-1: Base on Balls Jake Seymour to third Charlie Townend to second
|
|
Batting: RHB Todd Maybury
|
0-0: Ball 1-0: Ball 2-0: Ball 3-0: Base on Balls Jake Seymour scores Charlie Townend to third Kevin McGaughey to second
|
|
Batting: SHB Conrade Gordon
|
0-0: Ball 1-0: Swinging Strike 1-1: Fly out, F4 (Line Drive, 4, EV 75.6 MPH)
|
| Top of the 15th over - 1 run, 0 hits, 1 error, 3 left on base; University of Toronto 3 - University of Arizona 2 |
| BOTTOM OF THE 15TH |
|
University of Arizona Wildcats batting - Pitching for University of Toronto Marlies : RHP Gui Xú
|
|
Batting: RHB Eddy Amaya
|
0-0: Ground out 6-3 (Groundball, 6, EV 83.1 MPH)
|
|
Batting: RHB Ron Dondale
|
0-0: Ball 1-0: Ball 2-0: Fly out, F8 (Line Drive, 8RM, EV 98.1 MPH)
|
|
Batting: LHB Pascal Noël
|
0-0: Called Strike 0-1: Ball 1-1: Foul Ball, location: 2F 1-2: Ball 2-2: Strikes out looking
|
| Bottom of the 15th over - 0 runs, 0 hits, 0 errors, 0 left on base; University of Toronto 3 - University of Arizona 2 |
|